 Dungeon Crawl Stone Soup version 0.30-a0-852-g08b95dd62f (webtiles) character file.

Game seed: 4260048613651763489

214 Monkooky the Ruffian (level 5, -3/39 HPs)
             Began as a Demigod Artificer on Mar 4, 2023.
             Slain by Crazy Yiuf
             ... wielding a +4 quarterstaff of chaos
              (12 damage)
             ... on level 4 of the Dungeon.
             The game lasted 00:04:16 (3668 turns).

Monkooky the Ruffian (Demigod Artificer)            Turns: 3668, Time: 00:04:16

Health: -3/39      AC:  8    Str: 17    XL:     5   Next: 33%
Magic:  7/7        EV: 15    Int: 13    God:
Gold:   330        SH:  0    Dex: 14    Spells: 4/4 levels left

rFire   . . .      SeeInvis .      - Unarmed
rCold   . . .      Faith    .    (no shield)
rNeg    . . .      Spirit   .    g - +1 ring mail
rPois   .          Reflect  .    (no helmet)
rElec   .          Rampage  .    (no cloak)
rCorr   .                        r - +1 pair of gloves
Will    .....                    (no boots)
Stlth   +                        (no amulet)
HPRegen 0.26/turn                (no ring)
MPRegen 0.10/turn                (no ring)

@: agile, lethally poisoned (-3 -> -7)
A: high MP 1, forlorn, divine attributes
a: no special abilities


You were on level 4 of the Dungeon.
You visited 1 branch of the dungeon, and saw 4 of its levels.

You collected 330 gold pieces.

Inventory:

Hand Weapons
 a - a +0 club
Armour
 b - a +0 leather armour
 g - a +1 ring mail (worn)
 r - a +1 pair of gloves (worn)
Wands
 c - a wand of flame (15) (quivered)
 d - a wand of charming (15)
 e - a wand of iceblast (4)
Scrolls
 i - 3 scrolls of fog
 l - a scroll of vulnerability
 m - 3 scrolls of teleportation
 n - a scroll of fear
 o - a scroll of amnesia {unknown}
 t - 2 scrolls of enchant weapon
 u - a scroll of immolation
Potions
 f - 2 potions of heal wounds {unknown}
 h - 4 potions of flight {unknown}
 j - a potion of haste {unknown}
 k - a potion of mutation {unknown}
 p - 2 potions of brilliance {unknown}
 q - a potion of degeneration {unknown}
 s - a potion of might {unknown}
 v - a potion of lignification {unknown}


   Skills:
 - Level 0.8 Fighting
 - Level 1.7 Armour
 - Level 0.8 Dodging
 - Level 0.8 Stealth
 + Level 5.0 Unarmed Combat
 - Level 2.6 Evocations


You had 4 spell levels left.
You didn't know any spells.
Your spell library contained the following spells:

 Spells                   Type           Power      Damage    Failure   Level
 Kindle Blastsparks       Fire/Tloc/Air  0%         2d10      86%         3
 Fulminant Prism          Conj/Hex       0%         3d5       99%         4
 Iskenderun's Mystic Bla  Conj/Tloc      0%         2d3       99%         4
 Lee's Rapid Deconstruct  Erth           0%         3d4*      100%        5


Dungeon Overview and Level Annotations

Branches:
Dungeon (4/15)
 Temple: D:4-7

Annotations:
D:4 Crazy Yiuf


Innate Abilities, Weirdness & Mutations

You have an increased reservoir of magic. (+10% MP)
You shall have no god before yourself.
Your divine heritage dramatically boosts your attributes as you level up.


Message History

You now have 330 gold pieces (gained 10).
i - 3 scrolls of fog (gained 1)
You see here a +0 spear.
Things that are here:
a +0 club; a +0 whip
Found a stone staircase leading up.
Found a pair of gloves.
You see here a +0 pair of gloves.
Found a stone staircase leading down.
You see here a +0 club.
Found a hammer.
Found a runed translucent door.
Crazy Yiuf shouts!
Press: ? - help, v - describe, . - travel
Here: Crazy Yiuf, wielding a +4 quarterstaff of chaos and wearing a +2 cloak (fire blocked by a runed translucent door)
The floor.
Unknown command.
You open the door. Crazy Yiuf attacks as you move away!
Crazy Yiuf hits you with a +4 quarterstaff of chaos.
Crazy Yiuf freezes you. Crazy Yiuf attacks as you move away!
Crazy Yiuf hits you with a +4 quarterstaff of chaos!
You feel agile all of a sudden.
Crazy Yiuf yells, "Trifle pontify sing!"
Crazy Yiuf attacks as you move away!
Crazy Yiuf hits you with a +4 quarterstaff of chaos.
You are poisoned.
You feel very sick.
You feel very sick.
Aiming: Iceblast
Press: ? - help, Shift-Dir - straight line, f - Crazy Yiuf
Aim: Crazy Yiuf, wielding a +4 quarterstaff of chaos and wearing a +2 cloak
Okay, then.
You feel sick.
Aiming: Iceblast
Press: ? - help, Shift-Dir - straight line The mass of ice explodes!
The iceblast engulfs Crazy Yiuf!
Crazy Yiuf is moderately wounded.
You feel sick.
Crazy Yiuf hits you with a +4 quarterstaff of chaos!
You die...

.##### ##.## ### ##
#..# #. # #### #. #. ##
#. .# #######♣♣ ### #.
.# #.......♣♣ ♣♣#..)#
## .#
#........♣♣♣♣.'...# .#
#.....@g..♣..♣#...# .#
#........♣.♣♣♣ ### .#
#....##♣♣♣♣♣ .# #....#
.# #....######### #####
.# #........#...# #...#
.#
#........#...#######...
## ######.#.#.......#
#...
#...##...#...###.###.##


You could see Crazy Yiuf.

Vanquished Creatures
  A phantom (D:4)
  An adder (D:4)
  7 gnolls
  A white imp (D:4)
  3 worms
  A dart slug (D:1)
  An orc (D:3)
  2 endoplasms
  5 giant cockroaches
  3 goblins
  8 hobgoblins
  2 quokkas (D:3)
  2 ball pythons (D:2)
  5 bats
  6 kobolds
  4 rats
52 creatures vanquished.

Vanquished Creatures (others)
  A plant (D:3)
1 creature vanquished.

Grand Total: 53 creatures vanquished

Notes
Turn   | Place    | Note
-------+----------+-------------------------------------------
     0 | D:1      | Monkooky the Demigod Artificer began the quest for the Orb.
     0 | D:1      | Reached XP level 1. HP: 15/15 MP: 3/3
    70 | D:1      | Reached skill level 1 in Unarmed Combat
   606 | D:1      | Reached XP level 2. HP: 20/22 MP: 4/4
  1178 | D:2      | Reached skill level 2 in Unarmed Combat
  2089 | D:3      | Reached XP level 3. HP: 27/27 MP: 5/5
  2623 | D:3      | Reached skill level 3 in Unarmed Combat
  2899 | D:4      | Reached XP level 4. HP: 34/34 MP: 6/6
  2998 | D:4      | Noticed a phantom
  3089 | D:4      | Reached skill level 4 in Unarmed Combat
  3094 | D:4      | Killed a phantom
  3095 | D:4      | Reached XP level 5. HP: 20/39 MP: 7/7
  3270 | D:4      | Reached skill level 5 in Unarmed Combat
  3656 | D:4      | Found a runed translucent door.
  3657 | D:4      | Noticed Crazy Yiuf
  3668 | D:4      | Slain by Crazy Yiuf

Illustrated notes

Levels and vault maps discovered:
D:1:      minmay_arrival_four_houses, layout_basic
D:2:      layout_basic, kennysheep_generic_room_16
D:3:      layout_rooms, serial_co_window_serial, co_window_paths_b,
          co_window_paths_a, co_window_corner_a, co_window_paths_a,
          co_window_of_opportunity_a, co_window_corner_b, co_window_corner_b,
          co_window_paths_c, co_window_cross_2, co_window_corner_ca,
          co_window_sun, glass_columns_a, kennysheep_nondescript, corexii_shack
D:4:      layout_basic, uniq_crazy_yiuf_cottage

Skill      XL: |  1  2  3  4  5 |
---------------+----------------+-----
Unarmed Combat | 1 2 3 4 5 |  5.0
Fighting       | |  0.8
Armour         | |  1.7
Dodging        | |  0.8
Stealth        | |  0.8
Evocations     | |  2.6

Action                     |  1- 3 |  4- 6 || total
---------------------------+-------+-------++-------
  Melee: Club              |   124 |       ||   124
         Punch             |     2 |       ||     2
         Unarmed           |   105 |    69 ||   174
  Evoke: Wand              |       |     1 ||     1
    Use: Scroll            |     6 |     2 ||     8
 Armour: Leather armour    |     8 |       ||     8
         Ring mail         |   101 |    28 ||   129
  Dodge: Dodged            |   117 |    28 ||   145

Table legend: (Time is in decaauts)
 A = Elapsed time spent in this place.
 B = Non-inter-level travel time spent in this place.
 C = Inter-level travel time spent in this place.
 D = Time resting spent in this place.
 E = Time spent auto-exploring this place.
 F = Levels seen in this place.
 G = Mean time per level.
                   A        B        C        D        E       F      G
               +--------+--------+--------+--------+--------+-----+--------+
         Total |   3693 |   3584 |    109 |     40 |   2873 |   4 |  923.2 |
       Dungeon |   3693 |   3584 |    109 |     40 |   2873 |   4 |  923.2 |
               +--------+--------+--------+--------+--------+-----+--------+

Top non-repeatable levels by time:
     D:3: 1044 daAuts
     D:1: 1001 daAuts
     D:4: 838 daAuts
     D:2: 809 daAuts
